 Dungeon Crawl Stone Soup version 0.14-a0-3563-g07d0f32 (webtiles) character file.

36 Bloax the Ducker (level 2, 0/16 HPs)
             Began as a Spriggan Monk on Mar 29, 2014.
             Slain by a quokka (5 damage)
             ... on Level 3 of the Dungeon.
             The game lasted 00:03:50 (783 turns).

Bloax the Ducker (Spriggan Monk)                     Turns: 783, Time: 00:03:51

HP   0/16        AC  3     Str  7      XL: 2   Next: 75%
MP   4/4         EV 21     Int 11      God:
Gold 13          SH  0     Dex 18      Spells:  0 memorised,  1 level left

rFire  . . .     SeeInvis +       - Unarmed
rCold  . . .     Clarity  .     c - +1 robe
rNeg   . . .     Conserve .     (shield restricted)
rPois  .         rCorr    .     (helmet restricted)
rElec  .         rRot     .     (no cloak)
SustAb . .       Spirit   .     (gloves unavailable)
rMut   .         Warding  .     (boots unavailable)
Saprov . . .     Stasis   .     (no amulet)
MR     .....                    (no ring)
                                (no ring)

@: very quick, not resistant to hostile enchantments, stealthy
A: unfitting armour, see invisible, herbivore 3, speed 3, slow metabolism 2
a: no special abilities


You were on level 3 of the Dungeon.
You were not hungry.

You visited 1 branch of the dungeon, and saw 3 of its levels.

You collected 13 gold pieces.


Innate Abilities, Weirdness & Mutations

You are tiny and cannot use many weapons and most armour.
You have supernaturally acute eyesight.
You are a herbivore.
You cover ground extremely quickly.
You need consume almost no food.


   Skills:
 - Level 2.5 Fighting
 + Level 5.1 Dodging
 - Level 3.0 Stealth
 + Level 3.6 Unarmed Combat


You had one spell level left.
You didn't know any spells.

Dungeon Overview and Level Annotations

Branches:
Dungeon (3/15)

Altars:

Annotations:
D:2 Sigmund

Inventory:

Hand weapons
 i - a +0 blowgun
   (You took it off a kobold on level 3 of the Dungeon)
Missiles
 j - 5 poisoned needles
Armour
 c - a +1 robe (worn)
   (You found it on level 1 of the Dungeon)
Comestibles
 d - 2 bread rations
Scrolls
 a - a scroll of enchant armour
 g - 2 scrolls of remove curse {unknown}
 k - a scroll of amnesia {unknown}
Potions
 b - a potion of porridge
 e - a potion of curing {unknown}
 f - a potion of paralysis {unknown}
 h - a potion of haste {unknown}

.....................#
#.##.####
#####.)...#####.####.# #.##.#
................# #.# #.##.#
#####........#######.###.##.##
#.....>.....................#
###...#.###########.###.##..#
#...#.#.......# #.# #.##..#
#####.#.......###.###.##..#
#........@........##..#
####...##r..#.##..##..#
######...#.##..#....#
#...#.##..#....# #####. #..#
... #. #..# ..# ####.##..# ..#
. ...##.....# ..### . .
..##.....##....#


You could see a quokka.


Message History

A giant cockroach comes into view.
A giant cockroach is nearby!
You hit the giant cockroach.
The giant cockroach is heavily wounded.
The giant cockroach misses you. The giant cockroach barely misses you.
You hit the giant cockroach but do no damage.
The giant cockroach is heavily wounded.
The giant cockroach closely misses you.
You closely miss the giant cockroach.
The giant cockroach is heavily wounded.
The giant cockroach bites you.
* * * LOW HITPOINT WARNING * * *
You closely miss the giant cockroach.
The giant cockroach is heavily wounded.
The giant cockroach closely misses you.
You closely miss the giant cockroach.
The giant cockroach is heavily wounded.
The giant cockroach closely misses you.
You hit the giant cockroach but do no damage.
The giant cockroach is heavily wounded.
The giant cockroach barely misses you.
You hit the giant cockroach.
The giant cockroach is severely wounded.
The giant cockroach barely misses you.
You completely miss the giant cockroach.
The giant cockroach is severely wounded.
The giant cockroach barely misses you.
You hit the giant cockroach.
You kill the giant cockroach!
Your Dodging skill increases to level 5!
You now have 13 gold pieces (gained 10).
Found a pear.
Autopickup is now off.
You see here a pear.
Eat a pear? (ye/n/q/i?)
You finish eating.
Mmmm...
Yummy pear.
Autopickup is now on.
Found a stone staircase leading down.
A hobgoblin comes into view. It is wielding a club.
The hobgoblin completely misses you.
You barely miss the hobgoblin. You hit the hobgoblin.
The hobgoblin is heavily wounded.
The hobgoblin misses you.
You hit the hobgoblin but do no damage.
The hobgoblin is heavily wounded.
The hobgoblin barely misses you.
You closely miss the hobgoblin.
The hobgoblin is heavily wounded.
The hobgoblin misses you.
You hit the hobgoblin.
You kill the hobgoblin!
Things that are here:
a club; a hobgoblin corpse
There is a stone staircase leading down here.
A quokka comes into view.
You swing at nothing.
You barely miss the quokka. The quokka misses you. The quokka misses you.
You miss the quokka. The quokka misses you.
You hit the quokka.
The quokka is severely wounded.
The quokka bites you.
* * * LOW HITPOINT WARNING * * *
You hit the quokka but do no damage.
The quokka is severely wounded.
The quokka completely misses you.
You closely miss the quokka.
The quokka is severely wounded.
The quokka bites you.
You die...

Action                   || total
-------------------------++-------
Melee: Unarmed           ||    90
 Fire: Blowgun           ||     2
  Use: Scroll            ||     2
 Stab: Sleeping          ||     1

Vault maps used:
D:1:      dpeg_arrival_ratfight
D:2:      uniq_sigmund
D:3:      first_bread, fedhas_bush_and_centaur_altar

Notes
Turn   | Place    | Note
--------------------------------------------------------------
     0 | D:1      | Bloax, the Spriggan Monk, began the quest for the Orb.
     0 | D:1      | Reached XP level 1. HP: 11/11 MP: 2/2
   184 | D:2      | Reached XP level 2. HP: 5/16 MP: 4/4
   349 | D:2      | Noticed Sigmund
   359 | D:2      | HP: 2/16 [Sigmund/magic dart (8)]
   391 | D:2      | HP: 2/16 [kobold/ dart of frost (1)]
   601 | D:3      | HP: 3/16 [kobold/uncursed dagger (2)]
   694 | D:3      | HP: 4/16 [giant cockroach (2)]
   700 | D:3      | Reached skill level 5 in Dodging
   781 | D:3      | HP: 4/16 [quokka (3)]
   783 | D:3      | Slain by a quokka

Vanquished Creatures
  A giant gecko (D:3)
  3 giant cockroaches
  5 goblins
  4 hobgoblins (D:3)
  3 kobolds
  A bat (D:3)
  A rat (D:2)
18 creatures vanquished.
